cohdb
Replays
Latest Replays
All Replays
Popular Replays
Top Player Replays
Match Explorer
How It Works
Community
CoH3 Stats
Reddit
Sign in to upload your games and track your stats! →
Sign in with Steam
Match 28054758
Unlisted
Match 28054758
Overview
Messages
Build Orders
End
Panzergrenadier Squad
Panzerpioneer Squad
Selects Armored Support Battlegroup
250 Light Carrier
Construct Light Support Kompanie
Combat Half-tracks
Assault Grenadier Squad
Assault Grenadier Squad
Panzerjäger Mechanized Group
Construct Mechanized Kompanie
8 Rad Armored Car
Vehicle Survival Package
Selects Superior Fire Drills
Selects Vehicle Awareness
Marder III Tank Destroyer
Support Armor Elements
Wrathment
周子鹤
0
0
Comments
sign in to comment!
No comments posted yet!